 Dungeon Crawl Stone Soup version 0.27-a0-1555-g0e7b3fb1d2 (webtiles) character file.

Game seed: 5115150809977982453

63 boopmooplesden the Twirler (level 3, 0/27 HPs)
             Began as a Demonspawn Gladiator on July 14, 2021.
             Killed by divine providence
             ... invoked by an orc priest
              (9 damage)
             ... on level 3 of the Dungeon.
             The game lasted 00:01:31 (2087 turns).

boopmooplesden the Twirler (Demonspawn Gladiator)   Turns: 2087, Time: 00:01:31

Health: 0/27       AC:  4    Str: 15    XL:     3   Next: 87%
Magic:  3/3        EV: 12    Int:  9    God:
Gold:   133        SH:  0    Dex: 14    Spells: 2/2 levels left

rFire    . . .     SeeInvis .   a - +0 quarterstaff
rCold    . . .     Faith    .   (shield currently unavailable)
rNeg     . . .     Spirit   .   b - +0 leather armour
rPois    .         Reflect  .   c - +0 helmet
rElec    .         Harm     .   (no cloak)
rCorr    .         Rampage  .   (no gloves)
Will     .....                  (no boots)
Stlth    +.........             (no amulet)
HPRegen  0.09/turn              (no ring)
MPRegen  0.08/turn              (no ring)

@: no status effects
A: spiny 1
a: no special abilities


You were on level 3 of the Dungeon.
You visited 1 branch of the dungeon, and saw 3 of its levels.

You collected 133 gold pieces.

Inventory:

Hand Weapons
 a - a +0 quarterstaff (weapon)
Missiles
 d - 3 throwing nets (quivered)
Armour
 b - a +0 leather armour (worn)
 c - a +0 helmet (worn)
 h - a +2 buckler
Jewellery
 l - a ring of wizardry
 m - a ring of wizardry
Scrolls
 e - a scroll of vulnerability {unknown}
 i - a scroll of noise {unknown}
 j - a scroll of brand weapon {unknown}
 n - a scroll of identify {unknown}
 o - a scroll of blinking {unknown}
 q - a scroll of immolation {unknown}
Potions
 f - a potion of lignification {unknown}
 g - 2 potions of might {unknown}
 k - a potion of resistance {unknown}
 p - a potion of mutation {unknown}


   Skills:
 + Level 2.2 Fighting
 + Level 3.4 Staves
 + Level 1.9 Throwing
 + Level 1.2 Armour
 + Level 3.1 Dodging
 + Level 0.2 Stealth


You had 2 spell levels left.
You didn't know any spells.
Your spell library was empty.

Dungeon Overview and Level Annotations

Branches:
Dungeon (3/15)

Altars:

Shops:
D:1 *


Innate Abilities, Weirdness & Mutations

You are partially covered in sharp spines.


Message History

Found 18 gold pieces.
Found a stone staircase leading down.
A worm comes into view.
Found an escape hatch in the ceiling.
An orc wizard comes into view. It is wielding a +0 dagger.
Found 17 gold pieces.
The orc wizard shouts!
You hear a shout!
An orc priest comes into view. It is wielding a +0 hand axe.
An orc comes into view. It is wielding a +0 flail.
The worm is struck by your spines. The worm bites you.
The orc moves out of view.
You see here 18 gold pieces.
You barely miss the worm.
The worm is lightly wounded.
The orc wizard mumbles some strange words.
The orc wizard flickers and vanishes!
Deactivating autopickup; reactivate with Ctrl-A.
The worm bites you.
You sock the worm!
The worm is severely wounded.
You sock the worm!
You kill the worm!
You sock something! Something hits you.
You hit something.
You hear some strange, mumbled words.
A puff of flame appears from out of thin air!
The puff of flame misses you.
You hit something but do no damage. Something barely misses you.
The orc priest invokes the aid of Beogh against you.
Beogh smites you!
You hear a shout!
You miss something. Something hits you but does no damage.
You hit something.
Reactivating autopickup.
You feel a bit more experienced.
Your Armour skill increases to level 1!
You barely miss the orc priest. The orc priest barely misses you.
You closely miss the orc priest. The orc priest closely misses you.
The orc priest calls down the wrath of Beogh upon you.
Beogh smites you!
You die...

#.# #.# #.# #.# .o.#
#.####### ... #.......#
..
#.#####.###########.#####
#.##...........##.....<.#
#....##.##.#.#@##.o......
#.#####.##.#.#o##......#
#.# #.##.#..o..$...>.#
#.. ..##.###.##......#
### ####.# #.##......#
#.. ..##.#.####
########.#... #...$.. ###
##.#


You could see an orc priest and an orc.

Vanquished Creatures
  An orc wizard (D:3)
  An adder (D:2)
  A worm (D:3)
  4 endoplasms
  A giant cockroach (D:1)
  3 goblins
  5 hobgoblins
  2 jackals (D:3)
  A ball python (D:1)
  A bat (D:1)
  A frilled lizard (D:1)
  A kobold (D:1)
  2 rats
24 creatures vanquished.

Notes
Turn   | Place    | Note
-------+----------+-------------------------------------------
     0 | D:1      | boopmooplesden the Demonspawn Gladiator began the quest for
                  | the Orb.
     0 | D:1      | Reached XP level 1. HP: 16/16 MP: 1/1
   164 | D:1      | Found Xifu's Assorted Antiques.
   696 | D:1      | Gained mutation: You are partially covered in sharp spines.
                  | [demonic ancestry]
   696 | D:1      | Reached XP level 2. HP: 5/22 MP: 2/2
  1091 | D:1      | Found a faded altar of an unknown god.
  1826 | D:2      | Reached XP level 3. HP: 27/27 MP: 3/3
  2086 | D:3      | Reached skill level 1 in Armour
  2087 | D:3      | Killed from afar by an orc priest

Illustrated notes

Levels and vault maps discovered:
D:1:      minmay_arrival_plants_in_alcoves, layout_loops_cross,
          chequers_ecumenical_altar_twisty, serial_shops,
          nicolae_shop_overgrown_old_shop
D:2:      layout_basic
D:3:      minmay_bubble_buster, layout_loops_cross

Skill      XL: |  1  2  3 |
---------------+----------+-----
Staves         | 3 |  3.4
Dodging        | 3 |  3.1
Armour         | 1 |  1.2
Fighting       | |  2.2
Throwing       | |  1.9
Stealth        | |  0.2

Action                   || total
-------------------------++-------
Melee: Quarterstaff      ||    70
Armor: Leather armour    ||    22
Dodge: Dodged            ||    46

Table legend: (Time is in decaauts)
 A = Elapsed time spent in this place.
 B = Non-inter-level travel time spent in this place.
 C = Inter-level travel time spent in this place.
 D = Time resting spent in this place.
 E = Time spent auto-exploring this place.
 F = Levels seen in this place.
 G = Mean time per level.
                   A        B        C        D        E       F      G
               +--------+--------+--------+--------+--------+-----+--------+
         Total |   2096 |   2025 |     71 |    281 |   1532 |   3 |  698.7 |
       Dungeon |   2096 |   2025 |     71 |    281 |   1532 |   3 |  698.7 |
               +--------+--------+--------+--------+--------+-----+--------+

Top non-repeatable levels by time:
     D:1: 1385 daAuts
     D:2: 590 daAuts
     D:3: 119 daAuts
